 Dungeon Crawl Stone Soup version 0.29.1-2-gbd0b4ee654 (webtiles) character file.

Game seed: 14596001758519385602

167 sanboga the Gusty (level 5, -3/28 HPs)
             Began as a Tengu Air Elementalist on Nov 22, 2022.
             Was an Initiate of Vehumet.
             Killed by divine providence
             ... invoked by an orc priest
              (9 damage)
             ... on level 3 of the Dungeon on Nov 24, 2022.
             The game lasted 00:08:52 (3447 turns).

sanboga the Gusty (Tengu Air Elementalist)          Turns: 3447, Time: 00:08:53

Health: -3/28      AC:  3    Str:  9    XL:     5   Next: 48%
Magic:  1/10       EV: 15    Int: 17    God:    Vehumet [......]
Gold:   48         SH:  0    Dex: 14    Spells: 6/9 levels left

rFire   . . .      SeeInvis .   p - +4 quarterstaff (chaos)
rCold   . . .      Faith    .   (shield currently unavailable)
rNeg    . . .      Spirit   .   a - +0 robe
rPois   .          Reflect  .   (helmet restricted)
rElec   .          Harm     .   o - +0 cloak
rCorr   .          Rampage  .   (no gloves)
Will    .....                   (boots unavailable)
Stlth   ++........              (no amulet)
HPRegen 0.09/turn               (no ring)
MPRegen 0.12/turn               (no ring)

@: flying quickly and evasively, very slightly contaminated, quick
A: beak, talons 3, nimble flight
a: Renounce Religion


You were on level 3 of the Dungeon.
You worshipped Vehumet.
Vehumet was noncommittal.
You visited 1 branch of the dungeon, and saw 3 of its levels.

You collected 60 gold pieces.
You spent 12 gold pieces at shops.

Inventory:

Hand Weapons
 p - a +4 quarterstaff of chaos (weapon)
Armour
 a - a +0 robe (worn)
 o - a +0 cloak (worn)
Wands
 n - a wand of roots (4)
Scrolls
 c - 3 scrolls of teleportation {unknown}
 d - 2 scrolls of amnesia {unknown}
 e - a scroll of blinking {unknown}
 f - a scroll of vulnerability {unknown}
 g - 2 scrolls of butterflies {unknown}
 j - 2 scrolls of enchant armour {unknown}
 m - 2 scrolls of identify {unknown}
Potions
 b - a potion of magic
 h - a potion of heal wounds {unknown}
 i - 2 potions of haste {unknown}
 k - a potion of lignification {unknown}
 l - 2 potions of curing {unknown}


   Skills:
 + Level 3.2 Dodging
 - Level 2.2 Stealth
 + Level 2.8 Spellcasting
 * Level 4.1 Conjurations
 + Level 5.0 Air Magic


You had 6 spell levels left.
You knew the following spells:

 Your Spells              Type           Power      Damage    Failure   Level
a - Shock                 Conj/Air       72%        1d7       2%          1
b - Static Discharge      Conj/Air       18%        3-6/arc   4%          2

Your spell library contained the following spells:

 Spells                   Type           Power      Damage    Failure   Level
 Swiftness                Air            19%        N/A       7%          3
 Airstrike                Air            9%         2d(2-18)  22%         4


Dungeon Overview and Level Annotations

Branches:
Dungeon (3/15)

Altars:
Vehumet

Shops:
D:1 *


Innate Abilities, Weirdness & Mutations

You have a beak for a mouth.
You have claws for feet.
Your magical nature lets you fly swiftly and evasively.


Message History

Confirm with . or Enter, or press ? or * to list all spells.
The orc is struck by an arc of lightning!
You kill the orc!
Vehumet accepts your kill.
You are struck by an arc of lightning.
The orc priest is struck by an arc of lightning!
The orc priest is almost dead.
The lightning grounds out.
The orc priest closely misses you.
Casting: Static Discharge (safe; 4% risk of failure)
Confirm with . or Enter, or press ? or * to list all spells.
The orc priest is struck by an arc of lightning.
You kill the orc priest!
Vehumet accepts your kill.
You are struck by an arc of lightning.
Your Conjurations skill increases to level 4!
Your Air Magic skill increases to level 5!
Found 10 gold pieces.
There is a stone staircase leading down here.
Items here: ( ) [ †.
Casting: Static Discharge (safe; 4% risk of failure)
Confirm with . or Enter, or press ? or * to list all spells.
The orc priest is struck by an arc of lightning!
The orc priest is heavily wounded.
You are struck by an arc of lightning.
* * * LOW HITPOINT WARNING * * *
The orc priest is struck by an arc of lightning!
The orc priest is almost dead.
You are struck by an arc of lightning.
* * * LOW HITPOINT WARNING * * *
The lightning grounds out.
The orc priest closely misses you.
Casting: Static Discharge (safe; 4% risk of failure)
Confirm with . or Enter, or press ? or * to list all spells.
Aiming: Shock (safe; 2% risk of failure)
Press: ? - help, Shift-Dir - straight line You miscast Shock.
You are very lightly contaminated with residual magic.
Nothing appears to happen.
The orc priest calls down the wrath of Beogh upon you.
Beogh smites you!
You die...

#.# #.# # ## #)# #.# #
$. #.# #.#### #. #.#
#<.... #. #.# ######
#.##### #.# # #.#...#
##.## #
######o#.#.###...#######
.......@)#..............
.......#######...#######
####### ##.## #... ###.#
.# #


You could see an orc priest.

Vanquished Creatures
  Crazy Yiuf (D:2)
  An orc priest (D:3)
  Jessica (D:3)
  Robin (D:2)
  An adder (D:2)
  A worm (D:2)
  A dart slug (D:1)
  An orc (D:3)
  2 ball pythons (D:1)
  5 bats
  3 endoplasms (D:1)
  A giant cockroach (D:1)
  17 goblins
  3 hobgoblins
  6 kobolds
  3 quokkas
  A frilled lizard (D:3)
  3 rats
52 creatures vanquished.

Vanquished Creatures (others)
  A fungus (D:2)
  A plant (D:2)
2 creatures vanquished.

Grand Total: 54 creatures vanquished

Notes
Turn   | Place    | Note
-------+----------+-------------------------------------------
     0 | D:1      | sanboga the Tengu Air Elementalist began the quest for the
                  | Orb.
     0 | D:1      | Reached XP level 1. HP: 10/10 MP: 4/4
   154 | D:1      | Reached XP level 2. HP: 15/15 MP: 0/6
   638 | D:1      | Found a faded altar of an unknown god.
  1220 | D:1      | Reached XP level 3. HP: 19/19 MP: 7/7
  1472 | D:1      | Found Oplov's General Store.
  1481 | D:1      | Bought a potion of degeneration for 12 gold pieces
  1757 | D:1      | Learned a level 2 spell: Static Discharge
  1952 | D:2      | Found a runed translucent door.
  1953 | D:2      | Noticed Crazy Yiuf
  1978 | D:2      | Noticed Robin
  2151 | D:2      | Killed Robin
  2303 | D:2      | Reached XP level 4. HP: 13/24 MP: 8/8
  2406 | D:2      | Found a radiant altar of Vehumet.
  2421 | D:2      | Became a worshipper of Vehumet
  3172 | D:2      | Killed Crazy Yiuf
  3375 | D:3      | Noticed Jessica
  3388 | D:3      | Killed Jessica
  3389 | D:3      | Gained mutation: Your magical nature lets you fly swiftly
                  | and evasively. [Tengu growth]
  3389 | D:3      | Reached XP level 5. HP: 28/28 MP: 5/10
  3445 | D:3      | Reached skill level 5 in Air Magic
  3447 | D:3      | Killed from afar by an orc priest

Illustrated notes

Levels and vault maps discovered:
D:1:      dpeg_arrival_subterranean_lakeside_camping, layout_basic,
          basic_ecumenical_altar, serial_shops, nicolae_lakefront_shop,
          minmay_curled_crystal
D:2:      layout_rooms, serial_forest, infiniplex_forest_zigzag_1,
          infiniplex_forest_clump_curved, infiniplex_forest_straight_4,
          infiniplex_forest_fountain, infiniplex_forest_straight_2,
          infiniplex_forest_straight_3, infiniplex_forest_diagonal,
          infiniplex_forest_lined_corner, infiniplex_forest_end_2,
          infiniplex_forest_lined_ring, basic_altar, uniq_robin,
          uniq_crazy_yiuf_cottage
D:3:      layout_loops_ring, uniq_jessica

Skill      XL: |  1  2  3  4  5 |
---------------+----------------+-----
Conjurations   | 2 3 4 |  4.1
Dodging        | 3 |  3.2
Air Magic      | 5 |  5.0
Stealth        | |  2.2
Spellcasting   | |  2.8

Action                   |  1- 3 |  4- 6 || total
-------------------------+-------+-------++-------
Melee: Unarmed           |     7 |       ||     7
       Dagger            |    51 |    23 ||    74
       Kick              |    14 |     5 ||    19
       Peck              |     6 |     4 ||    10
       Quarterstaff      |       |     5 ||     5
       Punch             |       |     1 ||     1
 Cast: Shock             |    36 |     8 ||    44
       Static Discharge  |     2 |     8 ||    10
 Stab: Sleeping          |     1 |       ||     1
Armor: Robe              |     8 |     7 ||    15
Dodge: Dodged            |    43 |    23 ||    66
